 Dungeon Crawl Stone Soup version 0.21.1-1-g345015f (webtiles) character file.

51 Falco the Digger (level 3, 0/25 (26) HPs)
             Began as a Ghoul Earth Elementalist on May 3, 2018.
             Slain by a rat (1 damage)
             ... on level 2 of the Dungeon.
             The game lasted 00:09:54 (1448 turns).

Falco the Digger (Ghoul Earth Elementalist)         Turns: 1448, Time: 00:09:55

HP:   0/25 (26)     AC:  2    Str: 11    XL:     3   Next: 81%
MP:   1/5           EV: 17    Int: 10    God:
Gold: 94            SH:  0    Dex: 15    Spells: 0/6 levels left

rFire    . . .     SeeInvis .     - Unarmed
rCold    + . .     Gourm    .   (no shield)
rNeg     + + +     Faith    .   c - +0 robe
rPois    ∞         Spirit   .   (no helmet)
rElec    .         Reflect  .   (no cloak)
rCorr    .         Harm     .   (no gloves)
MR       .....                  (no boots)
Stlth    +++.......             (no amulet)
HPRegen  0.00/turn              i - ring of positive energy
MPRegen  0.09/turn              j - ring of flight

@: agile, rotting
A: rotting body, claws 1, carnivore, cold resistance 1, negative energy
resistance 3, inhibited regeneration, torment resistance, unbreathing
a: Evoke Flight


You were on level 2 of the Dungeon.
You were not hungry.

You visited 1 branch of the dungeon, and saw 2 of its levels.

You collected 94 gold pieces.

Inventory:

Missiles
 b - a stone (quivered)
Armour
 c - a +0 robe (worn)
 g - a +0 shield
Jewellery
 i - a ring of positive energy (left claw)
 j - a ring of flight (right claw)
Potions
 f - a potion of curing {unknown}
 h - a potion of cancellation {unknown}
 k - a potion of berserk rage {unknown}
Books
 e - a book of Geomancy

   Spells                             Type                      Level
   a - Sandblast                      Earth                        1
   b - Passwall                       Transmutation/Earth          2
   c - Stone Arrow                    Conjuration/Earth            3
   d - Petrify                        Transmutation/Earth          4
   e - Lee's Rapid Deconstruction     Earth                        5
Comestibles
 d - a ration


   Skills:
 + Level 2.0 Dodging
 + Level 2.2 Stealth
 + Level 1.4 Unarmed Combat
 + Level 2.2 Spellcasting
 + Level 0.8 Transmutations
 + Level 4.2 Earth Magic


You couldn't memorise any spells.
You knew the following spells:

 Your Spells              Type           Power        Failure   Level  Hunger
a - Sandblast             Erth           #.....       5%          1    ##.....
b - Passwall              Tmut/Erth      #.........   16%         2    ###....
c - Stone Arrow           Conj/Erth      #.....       36%         3    ####...


Dungeon Overview and Level Annotations

Branches:
Dungeon (2/15)

Altars:


Innate Abilities, Weirdness & Mutations

Your body is rotting away.
You thrive on raw meat.
You are immune to poison.
You have sharp fingernails.
You are carnivorous and can eat meat at any time.
Your flesh is cold resistant. (rC+)
You are immune to negative energy. (rN+++)
You do not regenerate when monsters are visible.
You are immune to unholy pain and torment.
You can survive without breathing.


Message History

The bat misses you. The adder bites you but does no damage. The rat bites you.
* * * LOW HITPOINT WARNING * * *
You barely miss the adder.
The adder is moderately wounded.
The bat closely misses you. The adder misses you. The rat bites you.
* * * LOW HITPOINT WARNING * * *
The adder misses you. The bat misses you. The bat barely misses you.
The rat closely misses you. The bat misses you.
As you read the scroll labeled VAORIU HAPROLL, it crumbles to dust.
The creatures around you are filled with an inner flame!
It was a scroll of immolation.
The bat barely misses you. The adder bites you but does no damage.
The rat misses you. The adder bites you.
* * * LOW HITPOINT WARNING * * *
The bat hits you but does no damage.
It was a potion of agility.
You feel agile all of a sudden. The bat closely misses you.
The adder barely misses you. The rat bites you.
You die...

#....%......#
............
...........
#####.)......#
####.....?......#
................#
#.###...b.(......#
#.......S..(.....#
####.†@r........#
####.#%.........#
#....#.........^#
#.############### #.#
########### #.#
#.........#
#####.###.........#
#............(....###
#...................#


You could see an adder (inner flame), a bat (inner flame) and a rat (inner
flame).

Vanquished Creatures
  A gnoll (D:1)
  An adder (D:2)
  2 leopard geckos (D:1)
  5 bats
  A giant cockroach (D:1)
  4 hobgoblins
  2 jackals (D:1)
  A ball python (D:1)
  2 goblins (D:1)
  5 kobolds
  3 rats (D:1)
27 creatures vanquished.

Notes
Turn   | Place    | Note
-------+----------+-------------------------------------------
     0 | D:1      | Falco the Ghoul Earth Elementalist began the quest for the Orb.
     0 | D:1      | Reached XP level 1. HP: 14/14 MP: 2/2
   616 | D:1      | Reached XP level 2. HP: 19/19 MP: 3/3
   721 | D:1      | Learned a level 2 spell: Passwall
  1083 | D:1      | Reached skill level 1 in Unarmed Combat
  1083 | D:1      | Reached XP level 3. HP: 21/26 MP: 1/5
  1089 | D:1      | Learned a level 3 spell: Stone Arrow
  1418 | D:2      | Reached skill level 4 in Earth Magic
  1447 | D:2      | HP: 1/25 [adder (2)]
  1448 | D:2      | Slain by a rat

Skill      XL: |  1  2  3 |
---------------+----------+-----
Dodging        | 2 |  2.0
Spellcasting   | 2 |  2.2
Unarmed Combat | 1 |  1.4
Earth Magic    | 4 |  4.2
Stealth        | |  2.2
Transmutations | |  0.8

Action                   || total
-------------------------++-------
Melee: Unarmed           ||    66
 Cast: Sandblast         ||    35
  Use: Scroll            ||     3
       Potion            ||     1
  Eat: Chunk             ||     1
       Ration            ||     1
Armor: Robe              ||    27
Dodge: Dodged            ||    89
